SAA
OTTAWA NATIONALS @ ATLANTIC CITY SONICS
09/02/2042
 
TOP OF THE 1ST
Ottawa Nationals batting - Pitching for Atlantic City Sonics : RHP Arturo Mesa
Pitching: RHP Arturo Mesa
Batting: LHB Knox Loposer 0-0: Called Strike
0-1: Ball
1-1: Ball
2-1: Ball
3-1: Base on Balls
Batting: LHB Ewold de Regt 0-0: Foul Ball, location: 2F
0-1: Fly out, F7 (Flyball, 7LS, EV 86.9 MPH)
Batting: RHB Dave Curtis 0-0: Ball
1-0: Ball
2-0: Swinging Strike
2-1: Called Strike
2-2: Fly out, F9 (Flyball, 9D, EV 105.0 MPH)
Batting: LHB Juan Romero 0-0: Ball
Knox Loposer is caught stealing 2nd base 2-6
Top of the 1st over - 0 runs, 0 hits, 0 errors, 0 left on base; Ottawa 0 - Atlantic City 0
BOTTOM OF THE 1ST
Atlantic City Sonics batting - Pitching for Ottawa Nationals : LHP Edgar Morales
Pitching: LHP Edgar Morales
Batting: RHB Jaime López 0-0: Called Strike
0-1: Fly out, F8 (Flyball, 8RD, EV 93.8 MPH)
Batting: RHB Garm van Opdorp 0-0: Ball
1-0: Foul Ball, location: 2F
1-1: Swinging Strike
1-2: Ball
2-2: Ground out 5-3 (Groundball, 5, EV 84.4 MPH)
Batting: RHB Luis Rodríguez 0-0: Called Strike
0-1: Ball
1-1: Ball
2-1: Ball
3-1: Ground out 6-3 (Groundball, 6, EV 78.1 MPH)
Bottom of the 1st over - 0 runs, 0 hits, 0 errors, 0 left on base; Ottawa 0 - Atlantic City 0
TOP OF THE 2ND
Ottawa Nationals batting - Pitching for Atlantic City Sonics : RHP Arturo Mesa
Batting: LHB Juan Romero 0-0: Ball
1-0: Ball
2-0: SOLO HOME RUN (Flyball, 9D, EV 106.9 MPH), Distance : 375 ft
Batting: RHB Hulama Yani 0-0: Ground out 3-1 (Groundball, 34, EV 109.4 MPH)
Batting: RHB Joe Padilla 0-0: Called Strike
0-1: Called Strike
0-2: Ball
1-2: Ball
2-2: Ground out 6-3 (Groundball, 56, EV 81.9 MPH)
Batting: RHB Boyd Tholen 0-0: Swinging Strike
0-1: Fly out, F4 (Popup, 4, EV 55.6 MPH)
Top of the 2nd over - 1 run, 1 hit, 0 errors, 0 left on base; Ottawa 1 - Atlantic City 0
BOTTOM OF THE 2ND
Atlantic City Sonics batting - Pitching for Ottawa Nationals : LHP Edgar Morales
Batting: RHB Raffaello Dichio 0-0: SINGLE (Groundball, 56D, EV 103.8 MPH)
Batting: RHB Zacarías Salazar 0-0: Ball
1-0: Ball
2-0: Foul Ball, location: 2F
2-1: Fly out, F7 (Flyball, 7LS, EV 90.6 MPH)
Batting: LHB Luis Ortíz 0-0: Swinging Strike
0-1: Ball
1-1: Ball
2-1: Fly out, F9 (Flyball, 9LM, EV 94.4 MPH)
Batting: RHB Denis Perrin 0-0: Foul Ball, location: 2F
0-1: Foul Ball, location: 2F
0-2: Ball
1-2: Ball
2-2: Fly out, F9 (Flyball, 9D, EV 95.0 MPH)
Bottom of the 2nd over - 0 runs, 1 hit, 0 errors, 1 left on base; Ottawa 1 - Atlantic City 0
TOP OF THE 3RD
Ottawa Nationals batting - Pitching for Atlantic City Sonics : RHP Arturo Mesa
Batting: RHB Nobuhiko Ohayashi 0-0: Called Strike
0-1: Ground out 6-3 (Groundball, 6, EV 84.4 MPH)
Batting: RHB José Cintrón 0-0: Called Strike
0-1: Foul Ball, location: 2F
0-2: Strikes out looking
Batting: LHB Knox Loposer 0-0: Fly out, F9 (Line Drive, 9S, EV 86.2 MPH)
Top of the 3rd over - 0 runs, 0 hits, 0 errors, 0 left on base; Ottawa 1 - Atlantic City 0
BOTTOM OF THE 3RD
Atlantic City Sonics batting - Pitching for Ottawa Nationals : LHP Edgar Morales
Batting: RHB Abhipala Srivastav 0-0: Ground out 1-3 (Groundball, 15S, EV 68.8 MPH)
Batting: LHB Jorge Quilez 0-0: Called Strike
0-1: Ball
1-1: SINGLE (Line Drive, 4M, EV 95.6 MPH)
Batting: RHB Jaime López 0-0: Ball
1-0: Ball
2-0: Called Strike
2-1: Foul Ball, location: 2F
2-2: Ball
3-2: Fly out, F9 (Line Drive, 9D, EV 109.4 MPH)
Batting: RHB Garm van Opdorp 0-0: Called Strike
0-1: Called Strike
0-2: Fielders Choice at 2nd, 6-4 (Groundball, 56, EV 108.1 MPH)
Bottom of the 3rd over - 0 runs, 1 hit, 0 errors, 1 left on base; Ottawa 1 - Atlantic City 0
TOP OF THE 4TH
Ottawa Nationals batting - Pitching for Atlantic City Sonics : RHP Arturo Mesa
Batting: LHB Ewold de Regt 0-0: Ground out 4-3 (Groundball, 4, EV 88.1 MPH)
Batting: RHB Dave Curtis 0-0: Ball
1-0: Foul Ball, location: 2F
1-1: Foul Ball, location: 2F
1-2: Foul Ball, location: 2F
1-2: Ball
2-2: Ground out 4-3 (Groundball, 4, EV 83.1 MPH)
Batting: LHB Juan Romero 0-0: Called Strike
0-1: Ball
1-1: Ground out 4-3 (Groundball, 4D, EV 90.6 MPH)
Top of the 4th over - 0 runs, 0 hits, 0 errors, 0 left on base; Ottawa 1 - Atlantic City 0
BOTTOM OF THE 4TH
Atlantic City Sonics batting - Pitching for Ottawa Nationals : LHP Edgar Morales
Batting: RHB Luis Rodríguez 0-0: Ball
1-0: Ground out 5-3 (Groundball, 56, EV 83.1 MPH)
Batting: RHB Raffaello Dichio 0-0: Foul Ball, location: 2F
0-1: SINGLE (Groundball, 56D, EV 101.9 MPH)
Batting: RHB Zacarías Salazar 0-0: Ball
1-0: Called Strike
1-1: Ball
2-1: Ball
3-1: Foul Ball, location: 2F
3-2: Fielders Choice at 2nd, 6-4 (Groundball, 6, EV 81.2 MPH)
Batting: LHB Luis Ortíz 0-0: Foul Ball, location: 2F
0-1: Swinging Strike
0-2: Fly out, F4 (Popup, 34, EV 79.4 MPH)
Bottom of the 4th over - 0 runs, 1 hit, 0 errors, 1 left on base; Ottawa 1 - Atlantic City 0
TOP OF THE 5TH
Ottawa Nationals batting - Pitching for Atlantic City Sonics : RHP Arturo Mesa
Batting: RHB Hulama Yani 0-0: SINGLE (Flyball, 7LS, EV 85.6 MPH)
Batting: RHB Joe Padilla 0-0: Ball
1-0: Called Strike
1-1: Foul Ball, location: 2F
1-2: Strikes out swinging
Batting: RHB Boyd Tholen 0-0: Ball
Hulama Yani steals 2nd base
1-0: Ball
2-0: Called Strike
2-1: Ground out 5-3 (Groundball, 5, EV 83.8 MPH)
Batting: RHB Nobuhiko Ohayashi 0-0: Called Strike
0-1: Ball
1-1: Foul Ball, location: 2F
1-2: Fly out, F8 (Flyball, 8RD, EV 89.4 MPH)
Top of the 5th over - 0 runs, 1 hit, 0 errors, 1 left on base; Ottawa 1 - Atlantic City 0
BOTTOM OF THE 5TH
Atlantic City Sonics batting - Pitching for Ottawa Nationals : LHP Edgar Morales
Batting: RHB Denis Perrin 0-0: SINGLE (Groundball, 34D, EV 97.5 MPH)
Batting: RHB Abhipala Srivastav 0-0: Foul Ball, location: 2F
0-1: Ball
1-1: Grounds into double play, 6-4-3 (Groundball, 6S, EV 86.2 MPH)
Batting: LHB Jorge Quilez 0-0: Ground out 1-3 (Groundball, P, EV 68.1 MPH)
Bottom of the 5th over - 0 runs, 1 hit, 0 errors, 0 left on base; Ottawa 1 - Atlantic City 0
TOP OF THE 6TH
Ottawa Nationals batting - Pitching for Atlantic City Sonics : RHP Arturo Mesa
Batting: RHB José Cintrón 0-0: Ball
1-0: Ball
2-0: DOUBLE (Line Drive, 7LM, EV 101.9 MPH)
Batting: LHB Knox Loposer 0-0: Bunt missed!
0-1: Bunt missed!
0-2: Ball
1-2: Ball
2-2: Foul Ball, location: 2F
2-2: Ball
3-2: Base on Balls
Batting: LHB Ewold de Regt 0-0: Bunted foul
0-1: Bunt missed!
0-2: Ball
1-2: Strikes out swinging
Batting: RHB Dave Curtis 0-0: Ball
1-0: Ball
2-0: Called Strike
2-1: Ball
3-1: Fly out, F6 (Flyball, 6MD, EV 80.6 MPH)
Pitching: LHP Carlos Carrillo
Batting: LHB Juan Romero 0-0: Called Strike
0-1: Ball
1-1: Ground out 4-3 (Groundball, 4, EV 98.1 MPH)
Top of the 6th over - 0 runs, 1 hit, 0 errors, 2 left on base; Ottawa 1 - Atlantic City 0
BOTTOM OF THE 6TH
Atlantic City Sonics batting - Pitching for Ottawa Nationals : LHP Edgar Morales
Batting: RHB Jaime López 0-0: Swinging Strike
0-1: Foul Ball, location: 2F
0-2: Ball
1-2: Foul Ball, location: 2F
1-2: Ball
2-2: Foul Ball, location: 2F
2-2: Foul Ball, location: 2F
2-2: Ball
3-2: SINGLE (Flyball, 8LS, EV 91.2 MPH)
Batting: RHB Garm van Opdorp 0-0: Ball
1-0: Fielders Choice at 2nd, 5-4 (Groundball, 56, EV 84.4 MPH)
Batting: RHB Luis Rodríguez 0-0: Ball
1-0: Grounds into double play, 4-6-3 (Groundball, 4, EV 85.0 MPH)
Bottom of the 6th over - 0 runs, 1 hit, 0 errors, 0 left on base; Ottawa 1 - Atlantic City 0
TOP OF THE 7TH
Ottawa Nationals batting - Pitching for Atlantic City Sonics : LHP Carlos Carrillo
Batting: RHB Hulama Yani 0-0: Ball
1-0: SINGLE (Groundball, 56D, EV 101.2 MPH)
Batting: RHB Joe Padilla 0-0: Ball
1-0: Foul Ball, location: 2F
1-1: Grounds into double play, 4-6-3 (Groundball, 4, EV 83.1 MPH)
Batting: RHB Boyd Tholen 0-0: Ball
1-0: Called Strike
1-1: Ball
2-1: Ball
3-1: Base on Balls
Batting: RHB Nobuhiko Ohayashi 0-0: Ball
1-0: Called Strike
1-1: Called Strike
1-2: Foul Ball, location: 2F
1-2: Ball
2-2: Foul Ball, location: 2F
2-2: Fielders Choice at 2nd, 6-4 (Groundball, 6, EV 108.1 MPH)
Top of the 7th over - 0 runs, 1 hit, 0 errors, 1 left on base; Ottawa 1 - Atlantic City 0
BOTTOM OF THE 7TH
Atlantic City Sonics batting - Pitching for Ottawa Nationals : LHP Edgar Morales
Batting: RHB Raffaello Dichio 0-0: DOUBLE (Groundball, 5L, EV 108.1 MPH)
Batting: RHB Zacarías Salazar 0-0: Ground out 4-3 (Groundball, 4, EV 108.8 MPH)
Raffaello Dichio to third
Batting: LHB Luis Ortíz 0-0: Foul Ball, location: 2F
0-1: Ball
1-1: DOUBLE (Line Drive, 7LM, EV 106.2 MPH)
Raffaello Dichio scores
Batting: RHB Denis Perrin 0-0: Intentional Walk
Batting: RHB Abhipala Srivastav 0-0: Fly out, F6 (Popup, P, EV 83.8 MPH)
Batting: LHB Jorge Quilez 0-0: Called Strike
0-1: Ball
1-1: Ground out 4-3 (Groundball, 4, EV 80.6 MPH)
Bottom of the 7th over - 1 run, 2 hits, 0 errors, 2 left on base; Ottawa 1 - Atlantic City 1
TOP OF THE 8TH
Ottawa Nationals batting - Pitching for Atlantic City Sonics : LHP Carlos Carrillo
Batting: RHB José Cintrón 0-0: SINGLE (Flyball, 89S, EV 84.4 MPH)
Batting: LHB Knox Loposer 0-0: Sac Bunt to 13S - play at first, batter OUT! 1-4
José Cintrón to second
Batting: LHB Ewold de Regt 0-0: Fly out, F9 (Flyball, 9, EV 86.9 MPH)
Batting: RHB Dave Curtis 0-0: Ball
1-0: Foul Ball, location: 2F
1-1: Ball
2-1: Swinging Strike
2-2: Strikes out swinging
Top of the 8th over - 0 runs, 1 hit, 0 errors, 1 left on base; Ottawa 1 - Atlantic City 1
BOTTOM OF THE 8TH
Atlantic City Sonics batting - Pitching for Ottawa Nationals : LHP Edgar Morales
Batting: RHB Jaime López 0-0: Called Strike
0-1: Swinging Strike
0-2: Foul Ball, location: 2F
0-2: Foul Ball, location: 2F
0-2: Foul Ball, location: 2F
0-2: Ball
1-2: Ball
2-2: Ball
3-2: Foul Ball, location: 2F
3-2: Ground out 5-3 (Groundball, 5, EV 85.6 MPH)
Batting: RHB Garm van Opdorp 0-0: SINGLE (Line Drive, 56D, EV 106.2 MPH)
Pitching: RHP Tony Rodríguez
Batting: RHB Luis Rodríguez 0-0: Ball
1-0: Ball
2-0: Called Strike
2-1: Fly out, F7 (Line Drive, 7, EV 100.0 MPH)
Batting: RHB Raffaello Dichio 0-0: Called Strike
0-1: 2-RUN HOME RUN (Flyball, 7LD, EV 98.8 MPH), Distance : 341 ft
Batting: RHB Zacarías Salazar 0-0: Ball
1-0: Ball
2-0: Ball
3-0: Called Strike
3-1: Foul Ball, location: 2F
3-2: Ground out 5-3 (Groundball, 5, EV 83.1 MPH)
Bottom of the 8th over - 2 runs, 2 hits, 0 errors, 0 left on base; Ottawa 1 - Atlantic City 3
TOP OF THE 9TH
Ottawa Nationals batting - Pitching for Atlantic City Sonics : LHP Carlos Carrillo
Pitching: LHP Fernando Mora
Batting: LHB Juan Romero 0-0: Called Strike
0-1: Ball
1-1: Foul Ball, location: 2F
1-2: Ball
2-2: Ball
3-2: Foul Ball, location: 2F
3-2: Ground out 3-1 (Groundball, 34, EV 90.6 MPH)
Batting: RHB Hulama Yani 0-0: Ball
1-0: Called Strike
1-1: Ball
2-1: Ball
3-1: Swinging Strike
3-2: Strikes out swinging
Batting: RHB Joe Padilla 0-0: Called Strike
0-1: Foul Ball, location: 2F
0-2: SINGLE (Groundball, 6MD, EV 106.2 MPH)
Batting: RHB Boyd Tholen 0-0: Called Strike
0-1: Fielders Choice at 2nd, 6-4 (Groundball, 56, EV 103.1 MPH)
Top of the 9th over - 0 runs, 1 hit, 0 errors, 1 left on base; Ottawa 1 - Atlantic City 3
Friday, March 26th, 2021 - OOTP Baseball 20.8 Build 74